 Dungeon Crawl Stone Soup version 0.24-a0-584-g9d6b971ae4 (webtiles) character file.

Game seed: 12720318118459902983, levelgen mode: deterministic

952 Kisielow the Chopper (level 7, -1/56 HPs)
             Began as a Demonspawn Chaos Knight on Sept 3, 2019.
             Was a Plaything of Xom.
             Slain by a phantom (6 damage)
             ... summoned by Xom
             ... on level 5 of the Dungeon.
             The game lasted 00:09:02 (4974 turns).

Kisielow the Chopper (Demonspawn Chaos Knight)      Turns: 4974, Time: 00:09:03

Health: -1/56      AC:  1    Str: 15      XL:     7   Next: 90%
Magic:  7/7        EV:  7    Int: 14 (15) God:    Xom [..*...]
Gold:   263        SH:  0    Dex: 14      Spells: 6/6 levels left

rFire    . . .     SeeInvis .   a - +1 hand axe (chaos)
rCold    + . .     Gourm    .   (no shield)
rNeg     . . .     Faith    .   d - +0 chain mail
rPois    .         Spirit   .   (helmet restricted)
rElec    +         Reflect  .   (no cloak)
rCorr    .         Harm     .   (no gloves)
MR       +....     Clarity  +   (no boots)
Stlth    ..........             (no amulet)
HPRegen  0.18/turn              (no ring)
MPRegen  0.10/turn              (no ring)

@: corroded
A: antennae 1, agile 1, blink, clarity, clever 1, cold resistance 1, deformed
body, deterioration 1, high mp 1, magic resistance 1, electricity resistance,
spiny 1, wild magic 1, evolution 1
a: Blink, Renounce Religion


You were on level 5 of the Dungeon.
You worshipped Xom.
You were a toy of Xom.
You were not hungry.

You visited 1 branch of the dungeon, and saw 5 of its levels.
You also visited: Ossuary.

You collected 263 gold pieces.

Inventory:

Hand Weapons
 a - a +1 hand axe of chaos (weapon)
Armour
 d - a +0 chain mail (worn)
 m - the +1 robe of Pigomm Fach {+Inv MR+ Dex+9}
   (You found it on level 4 of the Dungeon)

   It affects your dexterity (+9).
   It affects your resistance to hostile enchantments.
   It lets you turn invisible.
Wands
 e - a wand of iceblast (8)
 g - a wand of paralysis (5)
Scrolls
 f - 2 scrolls of teleportation
 i - a scroll of remove curse
 k - a scroll of immolation
Potions
 b - 3 potions of heal wounds
 h - 2 potions of flight
 j - a potion of agility
 l - a potion of brilliance
Comestibles
 c - 4 rations
 n - 2 chunks of flesh


   Skills:
 + Level 5.1 Fighting
 * Level 6.8 Axes
 + Level 4.2 Armour
 - Level 0.8 Dodging


You had 6 spell levels left.
You didn't know any spells.
Your spell library was empty.

Dungeon Overview and Level Annotations

Branches:
Dungeon (5/15)            Ossuary (visited)
 Temple: D:4-7

Altars:
Elyvilon
Gozag
Ru
Xom

Shops:
D:4 (((


Innate Abilities, Weirdness & Mutations

You have a pair of small antennae on your head.
Your flesh is cold resistant. (rC+)
You are partially covered in sharp spines.
You are agile. (Dex +2)
You can translocate small distances at will.
You possess an exceptional clarity of mind.
Your mind is acute. (Int +2)
Armour fits poorly on your strangely shaped body.
Your body sometimes deteriorates upon taking damage.
You have an increased reservoir of magic. (+10% MP)
You are resistant to hostile enchantments. (MR+)
You are resistant to electric shocks. (rElec)
Your spells are a little harder to cast, but a little more powerful.
You evolve.


Message History

* * * LOW HITPOINT WARNING * * *
You see here 10 gold pieces.
The bullfrog skeleton is struck by your spines.
The bullfrog skeleton hits you.
* * * LOW HITPOINT WARNING * * *
The phantom blinks!
You hit the bullfrog skeleton but do no damage.
Waves of light ripple over the bullfrog skeleton's body.
The bullfrog skeleton is almost destroyed.
You barely miss the phantom.
The bullfrog skeleton is struck by your spines.
You destroy the bullfrog skeleton!
The phantom is struck by your spines. The phantom hits you!
* * * LOW HITPOINT WARNING * * *
The phantom blinks!
You see here 10 gold pieces.
You closely miss the phantom.
The phantom is lightly damaged.
The phantom is struck by your spines. The phantom hits you.
You die...

###### ####### ####....####
#.....# ...........# #.....#
...........# #.....#
...._.....ยง# #.....#
.......%.@.# #.....#
..........W# #.....#
......#....# #.....#
########...##'########.....#
......#...#........)...####
#.....#...#........)#....#
#.....#...#.....)...#....#
#.....+...+.....[...#....#
#.....#...#.........#...[#


You could see a phantom.

Vanquished Creatures
  A phantom (D:4)
  2 elf zombies (Ossuary)
  3 centaur zombies (Ossuary)
  A human zombie (Ossuary)
  3 orc priests
  A hound (D:4)
  A centaur skeleton (D:3)
  7 orc wizards
  2 worker ants (D:4)
  3 hound zombies (Ossuary)
  4 mummies
  2 adders (D:2)
  A shadow imp (D:5)
  2 adder zombies (Ossuary)
  A worm (D:3)
  A dart slug (D:1)
  5 leopard geckos
  14 orcs
  9 bats
  10 giant cockroaches
  2 gnoll zombies (Ossuary)
  4 hobgoblins
  6 jackals
  3 kobolds
  A quokka (D:5)
  5 frilled lizards
  3 goblins
  4 goblin zombies
  4 hobgoblin zombies (Ossuary)
  4 jackal zombies (Ossuary)
  4 kobold zombies (Ossuary)
  2 orc zombies (Ossuary)
  3 quokka zombies (Ossuary)
  5 rats
  3 rat zombies (Ossuary)
126 creatures vanquished.

Notes
Turn   | Place    | Note
-------+----------+-------------------------------------------
     0 | D:1      | Kisielow the Demonspawn Chaos Knight began the quest for
                  | the Orb.
     0 | D:1      | Reached XP level 1. HP: 18/18 MP: 1/1
   168 | D:1      | Reached skill level 3 in Axes
   186 | D:1      | XOM: harmless Chrm miscast
   200 | D:1      | XOM: silly message
   249 | D:1      | Gained mutation: You have a pair of small antennae on your
                  | head. [demonic ancestry]
   249 | D:1      | Reached XP level 2. HP: 16/24 MP: 2/2
   781 | D:2      | XOM: harmless Chrm miscast
   800 | D:2      | XOM: harmless Air miscast
   806 | D:2      | Gained mutation: Your flesh is cold resistant. (rC+)
                  | [demonic ancestry]
   806 | D:2      | Reached XP level 3. HP: 15/29 MP: 3/3
   984 | D:2      | Reached skill level 4 in Axes
  1037 | D:2      | XOM: harmless Erth miscast
  1169 | D:2      | Gained mutation: You have an increased reservoir of magic.
                  | (+10% MP) [potion of mutation]
  1169 | D:2      | Gained mutation: Your flesh is heat resistant. (rF+)
                  | [potion of mutation]
  1220 | D:2      | XOM: god gift: murky silvery potion {god gift}
  1988 | D:3      | XOM: polymorph bat -> frilled lizard
  2002 | D:3      | Gained mutation: You are partially covered in sharp spines.
                  | [demonic ancestry]
  2002 | D:3      | Reached XP level 4. HP: 28/35 MP: 4/4
  2029 | D:3      | XOM: scenery: create altars
  2147 | D:3      | Reached XP level 5. HP: 13/41 MP: 5/5
  2624 | D:3      | XOM: give mutations
  2624 | D:3      | Gained mutation: Your spells are a little harder to cast,
                  | but a little more powerful. [Xom's grace]
  2624 | D:3      | Gained mutation: You evolve. [Xom's grace]
  2999 | D:3      | Found a white marble altar of Elyvilon.
  2999 | D:3      | Found a sacrificial altar of Ru.
  3293 | D:4      | Reached skill level 5 in Axes
  3307 | D:4      | XOM: scenery: create altars
  3373 | D:4      | Reached XP level 6. HP: 48/48 MP: 6/6
  3387 | D:4      | Found Asuuth's Antique Weapon Shoppe.
  3403 | D:4      | XOM: harmless Air miscast
  3541 | D:4      | Found a sand-covered staircase.
  3553 | Ossuary  | Entered an ossuary
  3635 | Ossuary  | XOM: cleaving
  3639 | Ossuary  | XOM: summons friendly shadow imp
  3653 | Ossuary  | Reached XP level 7. HP: 34/55 MP: 7/7
  3658 | Ossuary  | Reached skill level 6 in Axes
  3766 | Ossuary  | XOM: god gift: 13 arrows
  3768 | Ossuary  | Gained mutation: You are resistant to electric shocks.
                  | (rElec) [evolution]
  4056 | Ossuary  | XOM: give mutation
  4056 | Ossuary  | Gained mutation: Your mind is acute. (Int +2) [Xom's grace]
  4230 | Ossuary  | XOM: god gift: long sword {god gift}
  4320 | D:4      | XOM: give mutations
  4320 | D:4      | Gained mutation: Armour fits poorly on your strangely
                  | shaped body. [Xom's mischief]
  4320 | D:4      | Gained mutation: You are resistant to hostile enchantments.
                  | (MR+) [Xom's mischief]
  4320 | D:4      | Lost mutation: Your flesh is heat resistant. (rF+) [Xom's
                  | mischief]
  4320 | D:4      | Gained mutation: Your body sometimes deteriorates upon
                  | taking damage. [Xom's mischief]
  4382 | D:4      | XOM: give mutations
  4382 | D:4      | Gained mutation: You can translocate small distances at
                  | will. [Xom's grace]
  4382 | D:4      | Gained mutation: You are agile. (Dex +2) [Xom's grace]
  4382 | D:4      | Gained mutation: You possess an exceptional clarity of
                  | mind. [Xom's grace]
  4382 | D:4      | Gained mutation: You expend magic power (3 MP) to
                  | strengthen your wands. [Xom's grace]
  4431 | D:4      | XOM: cleaving
  4440 | D:4      | XOM: fog
  4446 | D:4      | XOM: summons friendly crimson imp
  4465 | D:4      | Reached skill level 5 in Fighting
  4556 | D:4      | XOM: god gift: scroll labeled WIOSAR GORGHALIHE {god gift}
  4618 | D:4      | Lost mutation: You expend magic power (3 MP) to strengthen
                  | your wands. [evolution]
  4632 | D:4      | XOM: harmless Chrm miscast
  4635 | D:4      | Found Voffaeta's Weapon Emporium.
  4640 | D:4      | Got a silken robe
  4650 | D:4      | Identified the +1 robe of Pigomm Fach {+Inv MR+ Dex+9} (You
                  | found it on level 4 of the Dungeon)
  4731 | D:4      | Found Biv Izxelye's Antique Weapon Emporium.
  4750 | D:5      | Entered Level 5 of the Dungeon
  4940 | D:5      | XOM: scenery: 1 doors open
  4958 | D:5      | Found an opulent altar of Gozag.
  4964 | D:5      | XOM: summons 4 hostile shadow creatures
  4974 | D:5      | Slain by a phantom

Levels and vault maps discovered:
D:1:      ncdulo_lavacross, layout_basic
D:2:      layout_basic
D:3:      layout_basic, gammafunk_temple_overflow_wave
D:4:      layout_rooms, first_ration, serial_shops, nicolae_shop_statue_plus,
          nicolae_shop_behind_doors, shop, nicolae_ossuary_entry_giza
D:5:      layout_gridville, basic_altar, minmay_bent, uniq_menkaure

Skill      XL: |  1  2  3  4  5  6  7 |
---------------+----------------------+-----
Axes           | 3 4 5 6 |  6.8
Armour         | 2 3 4 |  4.2
Fighting       | 4 5 |  5.1
Dodging        | |  0.8

Action                   |  1- 3 |  4- 6 |  7- 9 || total
-------------------------+-------+-------+-------++-------
Melee: Hand axe          |   136 |   124 |   108 ||   368
 Abil: Blink             |       |       |     1 ||     1
  Use: Scroll            |     3 |     4 |     6 ||    13
       Potion            |     2 |       |       ||     2
 Stab: Sleeping          |     1 |       |       ||     1
       Paralysed         |     1 |     5 |     2 ||     8
       Petrifying        |       |     3 |     2 ||     5
       Confused          |       |     1 |       ||     1
       Petrified         |       |     4 |    11 ||    15
  Eat: Chunk             |     2 |     7 |     1 ||    10
       Ration            |       |       |     1 ||     1
Armor: Leather armour    |    35 |       |       ||    35
       Ring mail         |    32 |     4 |       ||    36
       Chain mail        |       |    53 |    50 ||   103
Dodge: Dodged            |   101 |    33 |    21 ||   155

Table legend:
 A = Non-vault XP
 B = Vault XP
 C = Vault XP percentage of total XP
 D = Non-vault monster count
 E = Vault monster count
 F = Vault count percentage of total count
                 A         B        C        D         E       F
            +---------+---------+-------+---------+---------+-------
      Total |     819 |     542 |  39.8 |      85 |      41 |  32.5
            +---------+---------+-------+---------+---------+-------
        D:1 |      29 |       0 |   0.0 |      17 |       0 |   0.0
        D:2 |      63 |       0 |   0.0 |      24 |       0 |   0.0
        D:3 |     199 |       0 |   0.0 |      20 |       0 |   0.0
        D:4 |     396 |      20 |   4.8 |      16 |       3 |  15.8
        D:5 |     132 |       0 |   0.0 |       8 |       0 |   0.0
    Ossuary |       0 |     522 | 100.0 |       0 |      38 | 100.0
            +---------+---------+-------+---------+---------+-------
